 Dungeon Crawl Stone Soup version 0.25-a0-294-gea9b1ad378 (webtiles) character file.

Game seed: 11330701560134046698, levelgen mode: deterministic

193 night the Insei (level 5, -3/42 HPs)
             Began as a Demonspawn Monk on Dec 16, 2019.
             Killed by divine providence
             ... invoked by an orc priest
              (11 damage)
             ... on level 3 of the Dungeon.
             The game lasted 00:06:16 (3282 turns).

night the Insei (Demonspawn Monk)                   Turns: 3282, Time: 00:06:17

Health: -3/42      AC: 11    Str: 11    XL:     5   Next: 43%
Magic:  0/5        EV:  8    Int: 12    God:
Gold:   85         SH:  0    Dex: 16    Spells: 4/4 levels left

rFire    . . .     SeeInvis .     - Unarmed
rCold    . . .     Gourm    .   (no shield)
rNeg     . . .     Faith    .   g - +0 chain mail
rPois    .         Spirit   +   (no helmet)
rElec    .         Reflect  .   (no cloak)
rCorr    .         Harm     .   x - +2 pair of gloves
MR       .....                  (no boots)
Stlth    ..........             (no amulet)
HPRegen  0.14/turn              (no ring)
MPRegen  0.09/turn              (no ring)

@: no status effects
A: hooves 1, repulsion field 2, magic shield
a: no special abilities


You were on level 3 of the Dungeon.
You were hungry.

You visited 1 branch of the dungeon, and saw 3 of its levels.

You collected 85 gold pieces.

Inventory:

Missiles
 a - 109 stones (quivered)
 h - 12 sling bullets
 r - 20 arrows
 t - 42 bolts
Armour
 g - a +0 chain mail (worn)
 x - a +2 pair of gloves (worn)
Wands
 n - a wand of enslavement (9)
Scrolls
 c - a scroll of teleportation {unknown}
 d - a scroll of identify
 e - a scroll of remove curse {unknown}
 f - 2 scrolls of magic mapping {unknown}
 j - a scroll of blinking {unknown}
 l - 2 scrolls of fear {unknown}
 m - a scroll of amnesia {unknown}
 s - a scroll of enchant weapon {unknown}
 w - a scroll of fog {unknown}
Potions
 i - 2 potions of curing
 k - a potion of cancellation {unknown}
 o - a potion of resistance
 p - a potion of mutation
 q - a potion of lignification {unknown}
 v - a potion of invisibility {unknown}
Comestibles
 b - 5 rations


   Skills:
 + Level 4.2 Fighting
 - Level 2.6 Dodging
 - Level 1.7 Stealth
 * Level 4.9 Unarmed Combat


You had 4 spell levels left.
You didn't know any spells.
Your spell library was empty.

Dungeon Overview and Level Annotations

Branches:
Dungeon (3/15)

Altars:


Innate Abilities, Weirdness & Mutations

You have large cloven feet.
You are surrounded by a moderate repulsion field. (EV +3)
When hurt, damage is shared between your health and your magic reserves.


Message History

You kick the orc priest, but do no damage.
An orc wizard comes into view. It is wielding a +0 dagger.
The orc priest hits you but does no damage.
You hit the orc priest.
The orc priest is heavily wounded.
The orc priest calls down the wrath of Beogh upon you.
Pain shoots through your body!
The orc priest invokes the aid of Beogh against you.
Beogh smites you!
* * * LOW HITPOINT WARNING * * *
Saving game... please wait.
Welcome back, night the Demonspawn Monk.
Press ? for a list of commands and other information.
Found a lumpy emerald potion.
The orc priest calls down the wrath of Beogh upon you.
Beogh smites you!
* * * LOW HITPOINT WARNING * * *
The orc priest calls down the wrath of Beogh upon you.
Beogh smites you!
You die...

###...)...####.########.#
.......####.....# #.#
######.# #####.# #.# #.#
#.# ######.# #.# #.#
#<...[.# #.. ..# ########
#.# ### #....
####.###############o###
....!..@.o....o......# #
####.###############.# #
#.# # #.# #.# ###


You could see an orc priest and an orc.

Vanquished Creatures
  An orc priest (D:3)
  A hound (D:2)
  3 gnolls
  4 adders
  4 dart slugs
  A leopard gecko (D:2)
  An orc (D:3)
  4 bats
  5 giant cockroaches
  6 goblins
  7 hobgoblins
  3 jackals (D:2)
  A ball python (D:2)
  6 frilled lizards
  6 kobolds
  6 rats
59 creatures vanquished.

Notes
Turn   | Place    | Note
-------+----------+-------------------------------------------
     0 | D:1      | night the Demonspawn Monk began the quest for the Orb.
     0 | D:1      | Reached XP level 1. HP: 18/18 MP: 1/1
   165 | D:1      | Gained mutation: You are surrounded by a mild repulsion
                  | field. (EV +2) [demonic ancestry]
   165 | D:1      | Reached XP level 2. HP: 11/24 MP: 2/2
   906 | D:1      | Gained mutation: You have large cloven feet. [demonic
                  | ancestry]
   906 | D:1      | Reached XP level 3. HP: 22/29 MP: 3/3
  1914 | D:2      | Gained mutation: When hurt, damage is shared between your
                  | health and your magic reserves. [demonic ancestry]
  1914 | D:2      | Reached XP level 4. HP: 27/37 MP: 4/4
  2655 | D:3      | Gained mutation: You are surrounded by a moderate repulsion
                  | field. (EV +3) [demonic ancestry]
  2655 | D:3      | Reached XP level 5. HP: 27/42 MP: 5/5
  3282 | D:3      | Killed from afar by an orc priest

Levels and vault maps discovered:
D:1:      lightli_arrival_windingriver, layout_basic
D:2:      layout_loops_ring
D:3:      layout_basic, lemuel_coloured_pillars_altar, elyvilon_altar_4,
          minmay_misc_feat_cross

Skill      XL: |  1  2  3  4 |
---------------+-------------+-----
Unarmed Combat | 3 4 |  4.9
Fighting       | 4 |  4.2
Dodging        | |  2.6
Stealth        | |  1.7

Action                   |  1- 3 |  4- 6 || total
-------------------------+-------+-------++-------
Melee: Unarmed           |   143 |    92 ||   235
       Punch             |     2 |     1 ||     3
       Kick              |    15 |    25 ||    40
Throw: Stone             |     1 |       ||     1
  Use: Scroll            |     4 |       ||     4
 Stab: Sleeping          |     5 |       ||     5
  Eat: Chunk             |     3 |     4 ||     7
Armor: Ring mail         |    15 |       ||    15
       Robe              |     5 |       ||     5
       Scale mail        |    12 |    37 ||    49
       Chain mail        |       |     1 ||     1
Dodge: Dodged            |    89 |    62 ||   151

Table legend:
 A = Non-vault XP
 B = Vault XP
 C = Vault XP percentage of total XP
 D = Non-vault monster count
 E = Vault monster count
 F = Vault count percentage of total count
                 A         B        C        D         E       F
            +---------+---------+-------+---------+---------+-------
      Total |     276 |       0 |   0.0 |      59 |       0 |   0.0
            +---------+---------+-------+---------+---------+-------
        D:1 |      45 |       0 |   0.0 |      25 |       0 |   0.0
        D:2 |     116 |       0 |   0.0 |      21 |       0 |   0.0
        D:3 |     115 |       0 |   0.0 |      13 |       0 |   0.0
            +---------+---------+-------+---------+---------+-------
